 Dungeon Crawl Stone Soup version 0.22-a0-136-g83a10e5 (webtiles) character file.

117514 tsouns the Spear-Bearer (level 16, -23/125 HPs)
             Began as a Gnoll Wanderer on Feb 2, 2018.
             Was the Champion of Okawaru.
             Killed from afar by a thorn hunter (30 damage)
             ... with a volley of thorns
             ... on level 3 of the Swamp on Feb 3, 2018.
             The game lasted 01:45:45 (29923 turns).

tsouns the Spear-Bearer (Gnoll Wanderer)           Turns: 29923, Time: 01:45:46

Health: -23/125    AC: 23    Str: 12    XL:     16   Next: 74%
Magic:  30/30      EV: 18    Int: 20    God:    Okawaru [******]
Gold:   2966       SH: 17    Dex: 19    Spells: 2/36 levels left

rFire    . . .     SeeInvis .   O - +7 demon blade "Killer Klown's Peril" {vamp, rPois rC+ rN+}
rCold    + + .     Gourm    .   b - +0 shield
rNeg     + . .     Faith    .   o - +5 ring mail of Nevvikir {Regen+ rCorr}
rPois    +         Spirit   .   u - +2 helmet
rElec    .         Reflect  +   L - scarf {cloud immunity}
rCorr    +         Harm     .   U - +2 pair of gloves
MR       +....                  y - +2 pair of boots
Stlth    ++++......             j - +5 amulet of reflection
HPRegen  0.70/turn              n - ring of resist corrosion
MPRegen  0.22/turn              p - ring of protection from cold

@: no status effects
A: distributed training, fangs 1, strong nose
a: Heroism, Finesse, Renounce Religion


You were on level 3 of the Swamp.
You worshipped Okawaru.
Okawaru was exalted by your worship.
You were not hungry.

You visited 6 branches of the dungeon, and saw 28 of its levels.
You also visited: Sewer and Volcano.

You collected 3260 gold pieces.
You spent 294 gold pieces at shops.

Inventory:

Hand Weapons
 d - a +0 blowgun
 i - a +4 demon trident of venom
 O - the +7 demon blade "Killer Klown's Peril" (weapon) {vamp, rPois rC+ rN+}
   (You took it off an orc on level 13 of the Dungeon)

   It inflicts no extra harm, but heals its wielder when it wounds a living foe.
   It protects you from cold.
   It protects you from poison.
   It protects you from negative energy.
 S - a +2 fustibalus of flaming
Missiles
 a - a throwing net
 c - 87 poisoned needles
 D - 3 needles of sleeping
 E - 8 javelins (quivered)
 P - 4 javelins of penetration
Armour
 b - a +0 shield (worn)
 o - the +5 ring mail of Nevvikir (worn) {Regen+ rCorr}
   (You found it on level 1 of the Swamp)

   It increases your rate of regeneration.
   It protects you from acid and corrosion.
 u - a +2 helmet (worn)
 y - a +2 pair of boots (worn)
 A - a +2 cloak
 L - a scarf of cloud immunity (worn)
 N - a +3 plate armour of fire resistance
 U - a +2 pair of gloves (worn)
Jewellery
 j - a +5 amulet of reflection (around neck)
 n - a ring of resist corrosion (left hand)
 p - a ring of protection from cold (right hand)
 X - an uncursed ring of poison resistance
Wands
 h - a wand of flame (91)
 q - a wand of acid (11)
 s - a wand of scattershot (10)
 x - a wand of digging (30)
 I - a wand of iceblast (21)
 V - a wand of polymorph (25)
Scrolls
 e - 4 scrolls of amnesia
 g - 2 scrolls of magic mapping
 v - a scroll of fog
 G - a scroll of teleportation
 H - 2 scrolls of fear
 J - 11 scrolls of remove curse
 K - a scroll of torment
 Q - a scroll of identify
Potions
 k - 3 potions of agility
 l - 7 potions of flight
 r - 8 potions of curing
 t - 6 potions of brilliance
 w - 3 potions of magic
 z - 5 potions of haste
 F - 2 potions of lignification
 M - a potion of cancellation {unknown}
 R - a potion of mutation
 Y - 2 potions of might
 Z - a potion of resistance {unknown}
Books
 B - a book of Conjurations

   Spells                             Type                      Level
   a - Magic Dart                     Conjuration                  1
   b - Searing Ray                    Conjuration                  2
   c - Dazzling Spray                 Conjuration/Hexes            3
   d - Fulminant Prism                Conjuration/Hexes            4
   e - Force Lance                    Conjuration/Translocation    4
   f - Iskenderun's Mystic Blast      Conjuration                  4
Miscellaneous
 m - a lamp of fire (inert)
 T - a sack of spiders
Comestibles
 f - 19 rations


   Skills:
 + Level 11.1 Fighting
 + Level 10.8 Short Blades
 + Level 10.8 Long Blades
 + Level 10.8 Axes
 + Level 10.8 Maces & Flails
 + Level 12.4 Polearms
 + Level 10.8 Staves
 + Level 10.8 Slings
 + Level 10.8 Bows
 + Level 10.8 Crossbows
 + Level 11.1 Throwing
 + Level 11.7 Armour
 + Level 11.1 Dodging
 + Level 11.1 Stealth
 + Level 10.8 Shields
 + Level 10.8 Unarmed Combat
 + Level 10.8 Spellcasting
 + Level 9.2 Conjurations
 + Level 9.2 Hexes
 + Level 9.2 Charms
 + Level 9.2 Summonings
 + Level 9.2 Necromancy
 + Level 9.2 Translocations
 + Level 9.2 Transmutations
 + Level 9.2 Fire Magic
 + Level 9.2 Ice Magic
 + Level 9.2 Air Magic
 + Level 9.2 Earth Magic
 + Level 9.2 Poison Magic
 + Level 11.7 Invocations
 + Level 11.1 Evocations


You had 2 spell levels left.
You knew the following spells:

 Your Spells              Type           Power        Failure   Level  Hunger
a - Apportation           Tloc           #####.       1%          1    None
b - Summon Butterflies    Summ           #####...     1%          1    None
c - Tukima's Dance        Hex            #####...     1%          3    None
d - Invisibility          Hex            #####...     56%         6    ######.
e - Blink                 Tloc           N/A          1%          2    None
f - Conjure Flame         Conj/Fire      #####...     1%          3    None
g - Mephitic Cloud        Conj/Pois/Air  #####...     1%          3    None
h - Summon Mana Viper     Hex/Summ       #####...     12%         5    ####...
i - Aura of Abjuration    Summ           #####.....   12%         5    ####...
j - Summon Forest         Summ/Tloc      #####.....   12%         5    ####...


Dungeon Overview and Level Annotations

Branches:
Dungeon (15/15)            Temple (1/1) D:7            Lair (6/6) D:8
  Swamp (3/4) Lair:3       Spider (1/4) Lair:3        Slime (0/5) Lair:6
    Orc (2/2) D:9             Elf (0/3) Orc:2        Vaults (0/5) D:14
 Depths (0/5) D:15

Altars:
Ashenzari
Cheibriados
Dithmenos
Elyvilon
Fedhas
Gozag
Kikubaaqudgha
Makhleb
Nemelex Xobeh
Okawaru
Qazlal
Ru
Sif Muna
Trog
Uskayaw
Vehumet
Xom
Yredelemnul
Zin
The Shining One
Beogh
Jiyva

Shops:
Orc:2 [*(:

Portals:
Hell: Lair:6

Annotations:
D:13 3 runed doors


Innate Abilities, Weirdness & Mutations

Your experience applies equally to all skills.
You have very sharp teeth.
Your uncanny sense of smell can sniff out nearby items.


Message History

The thorn hunter hits you but does no damage.
Unknown command.
As you read the scroll of fear, it crumbles to dust.
You assume a fearsome visage.
The thorn hunter is unaffected.
The alligator looks frightened!
You block the thorn hunter's attack. x2
You feel much better.
The thorn hunter fires a volley of thorns at you.
The volley of thorns hits you!
* * * LOW HITPOINT WARNING * * *
The alligator seems to regain its courage.
The thorn hunter gestures.
Thorny briars emerge from the ground!
The alligator puts on a burst of speed!
Okay, then.
As you read the scroll of fear, it crumbles to dust.
You assume a fearsome visage.
The thorn hunter is unaffected.
The alligator looks frightened!
The thorn hunter fires a volley of thorns at you.
The volley of thorns hits you!
You die...

♣♣...♣≈§
♣♣.≈≈≈≈.♣
♣♣♣..≈≈≈≈§♣
♣.......≈P♣
≈...≈≈≈≈≈≈≈P♣
≈≈.♣≈≈≈.♣≈≈.♣
≈♣≈.?.≈≈.♣<.♣
≈≈.≈≈≈.≈.≈.♣♣
≈≈.t≈≈≈≈≈f@♣♣
≈ .....≈≈≈..P♣
.≈≈≈≈♣≈≈..≈.♣♣
♣≈..≈♣≈..≈§.♣
≈≈≈.≈...≈≈.♣♣
≈§..≈!≈≈...♣
.≈≈≈≈♣≈≈≈.≈♣
.≈≈≈≈≈≈♣≈≈♣♣
♣.≈ .≈...♣♣


You could see a thorn hunter and an alligator (fleeing).

Vanquished Creatures
  Gastronok (D:10)
  Kirke (Swamp:2)
  2 fire giants
  2 ghouls (D:13)
  2 stone giants
  2 ettins (Orc:2)
  Josephine (Swamp:1)
  10 hydras
  Erolcha (Orc:1)
  Fannar (Lair:2)
  A ghost crab (Swamp:2)
  8 vault guards (D:14)
  3 centaur warriors
  The ghost of Nico3ck the Basher, a journeyman GrWz of Okawaru (D:11)
  3 alligators
  A death yak (Lair:6)
  8 two-headed ogres
  A tengu warrior (D:13)
  Urug (Lair:4)
  A sun demon (Lair:6)
  3 skeletal warriors (D:13)
  A spriggan druid (Swamp:1)
  A glowing orange brain (shapeshifter) (D:13)
  A wizard (Lair:6)
  An unseen horror (D:11)
  2 lindwurms (Volcano)
  An orc knight (Orc:1)
  A phantasmal warrior (D:13)
  2 wolf spiders (Lair:3)
  2 wolf spider zombies
  15 ugly things
  2 orc sorcerers
  12 elephants
  2 deep elf magi
  A manticore (D:14)
  9 cyclopes
  3 black mambas
  Maurice (Orc:1)
  Psyche (D:12)
  4 orange demons (Lair:6)
  14 spiny frogs
  4 rime drakes
  2 molten gargoyles (Volcano)
  6 komodo dragons
  A rime drake (shapeshifter) (D:15)
  A hellwing (Lair:6)
  A demonic crawler (Lair:3)
  2 red devils (Lair:6)
  A harpy zombie (D:15)
  A polar bear (Lair:6)
  3 trolls
  2 tyrant leeches
  29 blink frogs
  3 bog bodies (Swamp:1)
  11 hippogriffs
  2 slime creatures (Swamp:2)
  3 shadows
  Sigmund (D:4)
  5 redbacks (Lair:3)
  3 wyverns
  A water elemental (D:13)
  35 yaks
  A vampire (D:14)
  A fire elemental (Volcano)
  A basilisk (D:15)
  4 wraiths (Swamp:1)
  A hog (Swamp:2)
  A human (Swamp:2)
  3 hungry ghosts
  14 insubstantial wisps
  A warg (Orc:2)
  10 vampire mosquitoes
  A warg (shapeshifter) (D:13)
  3 acid dragons
  14 water moccasins
  17 swamp worms
  4 hell hounds (Lair:6)
  Purgy (Sewer)
  5 swamp drakes
  3 ice beasts
  15 porcupines
  3 sky beasts
  A black bear (shapeshifter) (D:13)
  A hornet zombie (D:13)
  A black bear (D:8)
  11 orc warriors
  3 phantoms
  2 eyes of draining
  A necrophage (D:8)
  11 wolves
  10 ogres
  12 crocodiles
  15 centaurs
  18 bullfrogs
  A wyvern zombie (D:13)
  3 earth elementals (Volcano)
  A wyvern skeleton (D:7)
  5 scorpions
  23 wights
  5 killer bees (D:9)
  7 electric eels
  11 crimson imps
  18 orc priests
  5 centaur zombies
  4 human zombies (D:8)
  2 bullfrog zombies
  5 jellies
  5 hounds
  Crazy Yiuf (D:4)
  14 orc wizards
  2 bullfrog skeletons
  7 centaur skeletons
  2 human skeletons (D:8)
  12 worker ants
  3 iguanas
  2 hound zombies
  A hound skeleton (D:7)
  9 mummies
  A howler monkey zombie (D:5)
  7 gnolls
  13 adders
  3 shadow imps
  2 oozes (D:3)
  An adder skeleton (D:9)
  3 worms
  4 dart slugs
  6 leopard geckos
  78 orcs
  6 bats
  4 giant cockroaches
  7 goblins
  7 hobgoblins
  8 kobolds
  2 quokkas
  3 ball pythons
  10 frilled lizards
  A jackal skeleton (D:4)
  3 rats
  A fire vortex (Volcano)
754 creatures vanquished.

Vanquished Creatures (collateral kills)
  An ettin (Orc:2)
  2 ugly things (D:15)
  A tarantella (Lair:3)
  A wraith (Swamp:1)
  A swamp drake (Swamp:1)
  An orc wizard (Orc:2)
7 creatures vanquished.

Vanquished Creatures (others)
  Aizul (Swamp:1)
  3 alligators (Swamp:2)
  2 cyclopes (Orc:2)
  A slime creature (Swamp:2)
  An insubstantial wisp (Swamp:2)
  2 centaurs (D:13)
  An orc (Orc:1)
  A fire vortex (Volcano)
  12 fungi
  4 plants
  2 withered plants (D:13)
30 creatures vanquished.

Grand Total: 791 creatures vanquished

Notes
Turn   | Place    | Note
-------+----------+-------------------------------------------
     0 | D:1      | tsouns the Gnoll Wanderer began the quest for the Orb.
     0 | D:1      | tsouns set off with: a +2 spear, a +0 hand axe, 13 poisoned needles, a +0 blowgun, a +0 robe, a ration
     0 | D:1      | Reached XP level 1. HP: 17/17 MP: 2/2
    65 | D:1      | Reached XP level 2. HP: 20/23 MP: 3/3
   636 | D:2      | Reached XP level 3. HP: 10/28 MP: 4/4
   904 | D:2      | Reached skill level 1 in Invocations
  1347 | D:2      | Reached skill level 1 in Short Blades
  1347 | D:2      | Reached skill level 1 in Long Blades
  1347 | D:2      | Reached skill level 1 in Axes
  1347 | D:2      | Reached skill level 1 in Maces & Flails
  1347 | D:2      | Reached skill level 1 in Staves
  1347 | D:2      | Reached skill level 1 in Slings
  1347 | D:2      | Reached skill level 1 in Bows
  1347 | D:2      | Reached skill level 1 in Crossbows
  1347 | D:2      | Reached skill level 1 in Shields
  1347 | D:2      | Reached skill level 1 in Unarmed Combat
  1347 | D:2      | Reached skill level 1 in Spellcasting
  1364 | D:2      | Reached XP level 4. HP: 29/34 MP: 6/6
  1875 | D:3      | Found a shattered altar of Ashenzari.
  1968 | D:3      | Reached skill level 1 in Conjurations
  1968 | D:3      | Reached skill level 1 in Hexes
  1968 | D:3      | Reached skill level 1 in Charms
  1968 | D:3      | Reached skill level 1 in Summonings
  1968 | D:3      | Reached skill level 1 in Necromancy
  1968 | D:3      | Reached skill level 1 in Translocations
  1968 | D:3      | Reached skill level 1 in Transmutations
  1968 | D:3      | Reached skill level 1 in Fire Magic
  1968 | D:3      | Reached skill level 1 in Ice Magic
  1968 | D:3      | Reached skill level 1 in Air Magic
  1968 | D:3      | Reached skill level 1 in Earth Magic
  1968 | D:3      | Reached skill level 1 in Poison Magic
  2035 | D:3      | Reached XP level 5. HP: 25/40 MP: 7/7
  2090 | D:3      | Found a glowing drain.
  2119 | Sewer    | Entered a sewer
  2221 | Sewer    | Noticed Purgy
  2237 | Sewer    | Killed Purgy
  2237 | Sewer    | Reached XP level 6. HP: 21/47 MP: 8/8
  2703 | D:4      | Reached skill level 5 in Armour
  2862 | D:4      | Noticed a sky beast
  2888 | D:4      | Killed a sky beast
  2888 | D:4      | Reached XP level 7. HP: 17/52 MP: 10/10
  3342 | D:4      | Reached skill level 7 in Polearms
  3440 | D:4      | Noticed Sigmund
  3447 | D:4      | Killed Sigmund
  3637 | D:4      | Found a runed door.
  3641 | D:4      | Noticed Crazy Yiuf
  3653 | D:4      | Killed Crazy Yiuf
  3825 | D:5      | Entered Level 5 of the Dungeon
  3826 | D:5      | Found a sparkling altar of Nemelex Xobeh.
  3939 | D:5      | Reached XP level 8. HP: 55/60 MP: 12/12
  4189 | D:5      | Got a pair of faintly humming boots
  4200 | D:5      | Identified the cursed +0 pair of boots of Hirafyab {rC+ SInv} (You found it on level 5 of the Dungeon)
  4200 | D:5      | Identified a scroll of acquirement
  4258 | D:5      | Found a glowing silver altar of Zin.
  4259 | D:5      | Found a blossoming altar of Fedhas.
  4263 | D:5      | Found a glowing golden altar of the Shining One.
  4271 | D:5      | Found a shimmering altar of Xom.
  4438 | D:5      | Found a deep blue altar of Sif Muna.
  4464 | D:5      | Found a hide-covered altar of Uskayaw.
  4549 | D:5      | Found an opulent altar of Gozag.
  4774 | D:6      | Reached XP level 9. HP: 62/66 MP: 14/14
  5589 | D:7      | Found a staircase to the Ecumenical Temple.
  5600 | Temple   | Entered the Ecumenical Temple
  5616 | Temple   | Became a worshipper of Warmaster Okawaru
  5688 | D:7      | Reached skill level 5 in Fighting
  5688 | D:7      | Reached skill level 5 in Throwing
  5688 | D:7      | Reached skill level 5 in Dodging
  5688 | D:7      | Reached skill level 5 in Evocations
  6188 | D:8      | Noticed a two-headed ogre
  6196 | D:8      | Killed a two-headed ogre
  6196 | D:8      | Reached skill level 8 in Polearms
  6196 | D:8      | Reached skill level 5 in Stealth
  6196 | D:8      | Reached skill level 5 in Invocations
  6271 | D:8      | Reached * piety under Okawaru
  6287 | D:8      | Got an ancient leather armour
  6303 | D:8      | Identified the +0 leather armour of Fun {-Tele +Inv Str+3 Dex+2} (You found it on level 8 of the Dungeon)
  6324 | D:8      | Reached XP level 10. HP: 74/74 MP: 17/17
  6340 | D:8      | Found a stormy altar of Qazlal.
  6384 | D:8      | Found a staircase to the Lair.
  6389 | D:8      | Noticed a two-headed ogre
  6404 | D:8      | Killed a two-headed ogre
  6404 | D:8      | Reached skill level 5 in Short Blades
  6404 | D:8      | Reached skill level 5 in Long Blades
  6404 | D:8      | Reached skill level 5 in Axes
  6404 | D:8      | Reached skill level 5 in Maces & Flails
  6404 | D:8      | Reached skill level 5 in Staves
  6404 | D:8      | Reached skill level 5 in Slings
  6404 | D:8      | Reached skill level 5 in Bows
  6404 | D:8      | Reached skill level 5 in Crossbows
  6404 | D:8      | Reached skill level 5 in Shields
  6404 | D:8      | Reached skill level 5 in Unarmed Combat
  6404 | D:8      | Reached skill level 5 in Spellcasting
  6856 | D:8      | Found a bloodstained altar of Trog.
  6986 | D:8      | Reached ** piety under Okawaru
  6989 | D:8      | Found a basalt altar of Yredelemnul.
  7341 | D:9      | Noticed a two-headed ogre
  7356 | D:9      | Killed a two-headed ogre
  7542 | D:9      | Noticed a two-headed ogre
  7553 | D:9      | Killed a two-headed ogre
  7721 | D:9      | Reached *** piety under Okawaru
  7770 | D:9      | Reached XP level 11. HP: 82/82 MP: 19/19
  7792 | D:9      | Noticed a two-headed ogre
  7802 | D:9      | Killed a two-headed ogre
  7912 | D:9      | Reached skill level 9 in Polearms
  7917 | D:9      | Reached **** piety under Okawaru
  7922 | D:9      | Reached skill level 5 in Conjurations
  7922 | D:9      | Reached skill level 5 in Hexes
  7922 | D:9      | Reached skill level 5 in Charms
  7922 | D:9      | Reached skill level 5 in Summonings
  7922 | D:9      | Reached skill level 5 in Necromancy
  7922 | D:9      | Reached skill level 5 in Translocations
  7922 | D:9      | Reached skill level 5 in Transmutations
  7922 | D:9      | Reached skill level 5 in Fire Magic
  7922 | D:9      | Reached skill level 5 in Ice Magic
  7922 | D:9      | Reached skill level 5 in Air Magic
  7922 | D:9      | Reached skill level 5 in Earth Magic
  7922 | D:9      | Reached skill level 5 in Poison Magic
  8124 | D:9      | Found a staircase to the Orcish Mines.
  8357 | D:10     | Entered Level 10 of the Dungeon
  8418 | D:10     | Noticed Gastronok
  8444 | D:10     | Killed Gastronok
  8496 | D:10     | Got a slimy ring mail
  8507 | D:10     | Identified the +1 ring mail of the Great Game {rPois} (You found it on level 10 of the Dungeon)
  8624 | D:10     | Reached ***** piety under Okawaru
  8651 | D:10     | Received a gift from Okawaru
  9648 | D:11     | Received a gift from Okawaru
  9796 | D:11     | Noticed a green ugly thing
  9805 | D:11     | Killed a green ugly thing
  9842 | D:11     | Got a pair of twisted boots
  9853 | D:11     | Identified the cursed +0 pair of boots of Jigsaw {-Cast rPois Str+4} (You found it on level 11 of the Dungeon)
  9906 | D:11     | Reached XP level 12. HP: 91/91 MP: 22/22
  9931 | D:11     | Noticed Nico3ck's ghost (journeyman GrWz)
 10290 | D:11     | Killed Nico3ck's ghost
 10290 | D:11     | Received a gift from Okawaru
 11402 | D:12     | Noticed a two-headed ogre
 11408 | D:12     | Killed a two-headed ogre
 11471 | D:12     | Received a gift from Okawaru
 11605 | D:12     | Noticed Psyche
 11614 | D:12     | Killed Psyche
 11857 | D:12     | Noticed an eight-headed hydra
 11859 | D:12     | Killed an eight-headed hydra
 11859 | D:12     | Received a gift from Okawaru
 11941 | D:12     | Reached skill level 10 in Polearms
 12184 | Lair:1   | Entered Level 1 of the Lair of Beasts
 12349 | Lair:1   | Reached ****** piety under Okawaru
 12560 | Lair:1   | Reached XP level 13. HP: 84/98 MP: 24/24
 12788 | Lair:1   | Learned a level 1 spell: Apportation
 12790 | Lair:1   | Learned a level 1 spell: Summon Butterflies
 12794 | Lair:1   | Learned a level 3 spell: Tukima's Dance
 12801 | Lair:1   | Learned a level 6 spell: Invisibility
 13189 | Lair:2   | Received a gift from Okawaru
 13220 | Lair:2   | Noticed Fannar
 13246 | Lair:2   | Killed Fannar
 13321 | Lair:2   | Identified the cursed +0 buckler of Bicewuas {*Contam +Inv rF+++ Str-3} (You found it on level 2 of the Lair of Beasts)
 13356 | Lair:2   | Received a gift from Okawaru
 13518 | Lair:2   | Received a gift from Okawaru
 13789 | Lair:2   | Got an ancient scimitar
 13793 | Lair:2   | Identified the +2 scimitar of the Known World {distort, *Slow rN+++ Str-5 Int+6} (You found it on level 2 of the Lair of Beasts)
 14686 | Lair:3   | Found a hole to the Spider Nest.
 15183 | Lair:3   | Found a staircase to the Swamp.
 15435 | Lair:4   | Found a dark tunnel.
 15461 | Volcano  | Entered a volcano
 16647 | Lair:4   | Noticed Urug
 16656 | Lair:4   | Killed Urug
 16689 | Lair:4   | Reached XP level 14. HP: 100/108 MP: 26/26
 16704 | Lair:4   | Received a gift from Okawaru
 17694 | Lair:5   | Reached skill level 10 in Armour
 17789 | Lair:5   | Reached skill level 11 in Polearms
 18222 | Lair:6   | Entered Level 6 of the Lair of Beasts
 18325 | Lair:6   | Found a viscous altar of Jiyva.
 18348 | Lair:6   | Found a staircase to the Slime Pits.
 18787 | Lair:6   | Received a gift from Okawaru
 18790 | Lair:6   | Identified the +4 dagger of Evolution {venom, Str+4 Dex+3} (Okawaru gifted it to you on level 6 of the Lair of Beasts)
 19116 | Lair:6   | Reached skill level 10 in Invocations
 19231 | Lair:6   | Paralysed by a wizard for 6 turns
 19324 | Lair:6   | Found a burning altar of Makhleb.
 19777 | Lair:6   | Found a gateway to Hell.
 19802 | Lair:6   | Identified the +10 bardiche of Trog's Generosity {chop, rElec} (You took it off a red devil on level 6 of the Lair of Beasts)
 20295 | Orc:1    | Entered Level 1 of the Orcish Mines
 20305 | Orc:1    | Noticed Erolcha
 20317 | Orc:1    | Killed Erolcha
 20850 | Orc:1    | Noticed Maurice
 20862 | Orc:1    | Killed Maurice
 21001 | Orc:2    | Entered Level 2 of the Orcish Mines
 21098 | Orc:1    | Received a gift from Okawaru
 21101 | Orc:1    | Identified the +3 bardiche of Uritiakh {speed, Int+4} (Okawaru gifted it to you on level 1 of the Orcish Mines)
 21566 | Orc:2    | Found Wabovewn's Book Shoppe.
 21640 | Orc:2    | Reached XP level 15. HP: 69/115 MP: 28/28
 21819 | Orc:2    | Found a roughly hewn altar of Beogh.
 21924 | Orc:2    | Found a staircase to the Elven Halls.
 21925 | Orc:2    | Found Wiffonewn's Antique Weapon Emporium.
 22041 | Orc:2    | Found Guanomah's General Store.
 22064 | Orc:2    | Reached skill level 10 in Fighting
 22064 | Orc:2    | Reached skill level 10 in Throwing
 22064 | Orc:2    | Reached skill level 10 in Dodging
 22064 | Orc:2    | Reached skill level 10 in Evocations
 22066 | Orc:2    | Bought a +0 pair of gloves for 54 gold pieces
 22071 | Orc:2    | Bought a book of Minor Magic for 240 gold pieces
 22074 | Orc:2    | Learned a level 2 spell: Blink
 22078 | Orc:2    | Learned a level 3 spell: Conjure Flame
 22082 | Orc:2    | Learned a level 3 spell: Mephitic Cloud
 22371 | Orc:2    | Paralysed by an orc sorcerer for 5 turns
 22377 | Orc:2    | Found Sosch's Antique Armour Shoppe.
 22467 | Orc:2    | Reached skill level 10 in Stealth
 22829 | D:13     | Received a gift from Okawaru
 22857 | D:13     | Noticed a ghoul
 22897 | D:13     | Killed a ghoul
 23300 | D:13     | Found a runed gate.
 23300 | D:13     | Found a runed gate.
 23300 | D:13     | Found a runed gate.
 23924 | D:13     | Noticed a ghoul
 23947 | D:13     | Killed a ghoul
 24396 | D:13     | Found a runed gate.
 24396 | D:13     | Found a runed gate.
 24396 | D:13     | Found a runed gate.
 24455 | D:13     | Noticed a fire giant
 24461 | D:13     | Reached skill level 10 in Short Blades
 24461 | D:13     | Reached skill level 10 in Long Blades
 24461 | D:13     | Reached skill level 10 in Axes
 24461 | D:13     | Reached skill level 10 in Maces & Flails
 24461 | D:13     | Reached skill level 10 in Staves
 24461 | D:13     | Reached skill level 10 in Slings
 24461 | D:13     | Reached skill level 10 in Bows
 24461 | D:13     | Reached skill level 10 in Crossbows
 24461 | D:13     | Reached skill level 10 in Shields
 24461 | D:13     | Reached skill level 10 in Unarmed Combat
 24461 | D:13     | Reached skill level 10 in Spellcasting
 24732 | D:13     | Killed a fire giant
 25047 | D:13     | Identified the +7 demon blade "Killer Klown's Peril" {vamp, rPois rC+ rN+} (You took it off an orc on level 13 of the Dungeon)
 25108 | D:13     | Learned a level 5 spell: Summon Mana Viper
 25114 | D:13     | Learned a level 5 spell: Aura of Abjuration
 25120 | D:13     | Learned a level 5 spell: Summon Forest
 25295 | D:14     | Received a gift from Okawaru
 25336 | D:14     | Received a gift from Okawaru
 25432 | D:14     | Got a pair of steaming gloves {god gift}
 25443 | D:14     | Identified the -5 pair of gloves of the Elven Halls {MR- Regen+ Slay+3} (Okawaru gifted it to you on level 14 of the Dungeon)
 25473 | D:14     | Found a gate to the Vaults.
 25644 | D:14     | Found an ancient bone altar of Kikubaaqudgha.
 25916 | D:14     | Reached skill level 12 in Polearms
 25962 | D:14     | Reached XP level 16. HP: 124/124 MP: 30/30
 26087 | D:15     | Entered Level 15 of the Dungeon
 26964 | D:15     | Found a staircase to the Depths.
 26983 | D:15     | Received a gift from Okawaru
 27481 | Spider:1 | Entered Level 1 of the Spider Nest
 27711 | Lair:3   | HP: 2/124 [wolf spider (10)]
 27913 | Swamp:1  | Entered Level 1 of the Swamp
 27918 | Swamp:1  | Identified the +5 ring mail of Nevvikir {Regen+ rCorr} (You found it on level 1 of the Swamp)
 28307 | Swamp:1  | Noticed Aizul
 28322 | Swamp:1  | Killed Aizul
 28390 | Swamp:1  | Noticed Josephine
 28398 | Swamp:1  | Killed Josephine
 28403 | Swamp:1  | Received a gift from Okawaru
 28415 | Swamp:1  | Got a heavily runed ring mail {god gift}
 28431 | Swamp:1  | Identified the +0 ring mail of the Meadowlark {Dex+5 SInv} (Okawaru gifted it to you on level 1 of the Swamp)
 29420 | Swamp:2  | Noticed Kirke
 29431 | Swamp:2  | Killed Kirke
 29897 | Swamp:3  | Noticed a thorn hunter
 29918 | Swamp:3  | HP: 3/125 [thorn hunter/volley of thorns (40)]
 29923 | Swamp:3  | Killed from afar by a thorn hunter

Vault maps used:
D:1:      evilmike_arrival_plus
D:3:      lemuel_coloured_pillars_altar, gup_sewer_entry_bowl
D:4:      uniq_sigmund, uniq_crazy_yiuf_cottage
D:5:      kennysheep_mini, kennysheep_mini_moat, grunt_temple_overflow_open,
          nicolae_gozag_seed_capital, first_ration
D:7:      minmay_temple_entry_glassed_door
D:8:      marbit_many_paths, nicolae_overflow_crystal_walls,
          lemuel_mausoleum_altar_yredelemnul, lair_entry_dummy
D:9:      erik_orc_1
D:10:     minmay_goldmine, uniq_gastronok
D:12:     uniq_psyche
D:13:     kennysheep_treasure_stockpile, serial_undead, serial_undead_a,
          serial_undead_b, serial_undead_e, serial_undead_b
D:14:     erik_vaults_2, basic_altar, minmay_fountain_box
D:15:     grunt_enter_depths_giant_problem, serial_park_square3
Temple:   eino_temple_lava
Lair:2:   minivault_27, wad_woods_road_03, ldierk_geyser, uniq_fannar
Lair:3:   nicolae_swamp_entry_splash_gauntlet, dummy_spider_entry
Lair:4:   nicolae_volcano_entry_lava_flow, beast_lair_carwin_6, uniq_urug
Lair:5:   grunt_megastairs_3
Lair:6:   evil_forest, slime_altar_1, lemuel_fruit_tree, serial_bayou_shore_a
Swamp:1:  nicolae_swamp_trees_clearing, uniq_josephine, uniq_aizul
Swamp:2:  serial_swamp_ruin, hangedman_swamp_ruin_wall,
          evilmike_swamp_ruin_house_3, evilmike_swamp_ruin_wall, swamp_pool1,
          infiniplex_staircase_pool, uniq_kirke
Swamp:3:  nicolae_swamp_round_clearing, swamp_pool4
Spider:1: spider_trap, uniq_louise
Orc:1:    uniq_maurice, uniq_erolcha
Orc:2:    grunt_orc_gardens, grunt_orc_garden, grunt_orc_garden,
          grunt_orc_garden, grunt_orc_garden, minmay_orc_temple_a
Sewer:    sewer_co_purgy_island
Volcano:  volcano_aerie

Skill      XL: |  1  2  3  4  5  6  7  8  9 10 11 12 13 14 15 16 |
---------------+-------------------------------------------------+-----
Invocations    | 1 2 3 4 5 6 7 8 9 10 11 | 11.7
Short Blades   | 1 2 3 4 5 6 7 8 9 10 | 10.8
Long Blades    | 1 2 3 4 5 6 7 8 9 10 | 10.8
Axes           | 1 2 3 4 5 6 7 8 9 10 | 10.8
Maces & Flails | 1 2 3 4 5 6 7 8 9 10 | 10.8
Staves         | 1 2 3 4 5 6 7 8 9 10 | 10.8
Slings         | 1 2 3 4 5 6 7 8 9 10 | 10.8
Bows           | 1 2 3 4 5 6 7 8 9 10 | 10.8
Crossbows      | 1 2 3 4 5 6 7 8 9 10 | 10.8
Shields        | 1 2 3 4 5 6 7 8 9 10 | 10.8
Unarmed Combat | 1 2 3 4 5 6 7 8 9 10 | 10.8
Spellcasting   | 1 2 3 4 5 6 7 8 9 10 | 10.8
Conjurations   | 1 2 3 4 5 6 7 8 9 |  9.2
Hexes          | 1 2 3 4 5 6 7 8 9 |  9.2
Charms         | 1 2 3 4 5 6 7 8 9 |  9.2
Summonings     | 1 2 3 4 5 6 7 8 9 |  9.2
Necromancy     | 1 2 3 4 5 6 7 8 9 |  9.2
Translocations | 1 2 3 4 5 6 7 8 9 |  9.2
Transmutations | 1 2 3 4 5 6 7 8 9 |  9.2
Fire Magic     | 1 2 3 4 5 6 7 8 9 |  9.2
Ice Magic      | 1 2 3 4 5 6 7 8 9 |  9.2
Air Magic      | 1 2 3 4 5 6 7 8 9 |  9.2
Earth Magic    | 1 2 3 4 5 6 7 8 9 |  9.2
Poison Magic   | 1 2 3 4 5 6 7 8 9 |  9.2
Fighting       | 3 4 5 6 7 8 9 10 11 | 11.1
Throwing       | 3 4 5 6 7 8 9 10 11 | 11.1
Dodging        | 3 4 5 6 7 8 9 10 11 | 11.1
Evocations     | 3 4 5 6 7 8 9 10 11 | 11.1
Stealth        | 3 4 5 6 7 8 9 10 11 | 11.1
Armour         | 5 6 7 8 9 10 11 | 11.7
Polearms       | 7 8 9 10 11 12 | 12.4

Action                   |  1- 3 |  4- 6 |  7- 9 | 10-12 | 13-15 | 16-18 || total
-------------------------+-------+-------+-------+-------+-------+-------++-------
Melee: Spear             |    90 |   191 |   163 |       |       |       ||   444
       Bite              |     7 |    15 |    32 |   117 |   261 |    92 ||   524
       Demon trident     |       |       |   170 |   913 |  1606 |       ||  2689
       Demon blade       |       |       |       |       |   305 |   636 ||   941
Throw: Throwing net      |       |       |     2 |       |     1 |       ||     3
       Stone             |       |       |     1 |       |       |       ||     1
       Javelin           |       |       |       |       |     9 |     8 ||    17
       Tomahawk          |       |       |       |       |     4 |       ||     4
 Cast: Summon Butterflie |       |       |       |       |     3 |     1 ||     4
       Conjure Flame     |       |       |       |       |     3 |     8 ||    11
       Blink             |       |       |       |       |     3 |     3 ||     6
       Tukima's Dance    |       |       |       |       |     3 |       ||     3
       Aura of Abjuratio |       |       |       |       |     1 |       ||     1
       Summon Mana Viper |       |       |       |       |       |    11 ||    11
       Mephitic Cloud    |       |       |       |       |       |     1 ||     1
Invok: Heroism           |       |       |       |       |     1 |       ||     1
Evoke: Wand              |       |       |     2 |     9 |    11 |     1 ||    23
       Sack of spiders   |       |       |       |       |     1 |     1 ||     2
       Lamp of fire      |       |       |       |       |       |     2 ||     2
  Use: Scroll            |       |     9 |     5 |     9 |    19 |     6 ||    48
       Potion            |       |     3 |     1 |     2 |     4 |     5 ||    15
 Stab: Sleeping          |     5 |     5 |     1 |     8 |    33 |     4 ||    56
       Held in net/web   |       |       |     2 |       |       |       ||     2
       Distracted        |       |       |       |     5 |     6 |     2 ||    13
       Confused          |       |       |       |     3 |       |     3 ||     6
       Invisible         |       |       |       |     2 |       |       ||     2
  Eat: Chunk             |     1 |     5 |    12 |    11 |    14 |     9 ||    52
       Ration            |       |       |     2 |     3 |    10 |     3 ||    18
Armor: Robe              |     3 |    14 |     5 |       |       |       ||    22
       Plate armour      |       |       |    92 |   176 |     8 |       ||   276
       Ring mail         |       |       |       |    44 |   287 |   203 ||   534
       Acid dragon scale |       |       |       |    12 |    19 |       ||    31
Dodge: Dodged            |    22 |    46 |    42 |   114 |   516 |   367 ||  1107
Block: Other             |     3 |       |       |       |       |       ||     3
       Buckler           |     4 |    64 |    53 |       |       |       ||   121
       Reflection        |       |     3 |     5 |     9 |    30 |     2 ||    49
       Shield            |       |       |    80 |   446 |   932 |   472 ||  1930
       Rpst.: Demon blade |       |       |       |       |    18 |    68 ||    86

Table legend:
 A = Spawn XP
 B = Non-spawn XP
 C = Spawn XP percentage of total XP
 D = Spawn monster count
 E = Non-spawn monster count
 F = Spawn count percentage of total count
 G = Total turns spent on level
                    A         B        C        D         E        F      G
               +---------+---------+-------+---------+---------+-------+---------
         Total |       0 |  167878 |   0.0 |       0 |     769 |   0.0 | 29923
               +---------+---------+-------+---------+---------+-------+---------
           D:1 |       0 |      21 |   0.0 |       0 |      10 |   0.0 |   584
           D:2 |       0 |      84 |   0.0 |       0 |      30 |   0.0 |  1136
           D:3 |       0 |     157 |   0.0 |       0 |      23 |   0.0 |   670
           D:4 |       0 |     636 |   0.0 |       0 |      23 |   0.0 |  1160
           D:5 |       0 |    1061 |   0.0 |       0 |      19 |   0.0 |   875
           D:6 |       0 |     577 |   0.0 |       0 |      13 |   0.0 |   638
           D:7 |       0 |     844 |   0.0 |       0 |      12 |   0.0 |   814
           D:8 |       0 |    2930 |   0.0 |       0 |      27 |   0.0 |  1098
           D:9 |       0 |    5974 |   0.0 |       0 |      51 |   0.0 |  1638
          D:10 |       0 |    5207 |   0.0 |       0 |      34 |   0.0 |  1425
          D:11 |       0 |    4458 |   0.0 |       0 |      23 |   0.0 |  1489
          D:12 |       0 |    7553 |   0.0 |       0 |      46 |   0.0 |  1027
          D:13 |       0 |   19453 |   0.0 |       0 |      58 |   0.0 |  2394
          D:14 |       0 |   17940 |   0.0 |       0 |      34 |   0.0 |   887
          D:15 |       0 |   11274 |   0.0 |       0 |      35 |   0.0 |  1181
        Lair:1 |       0 |    3397 |   0.0 |       0 |      23 |   0.0 |   776
        Lair:2 |       0 |    9579 |   0.0 |       0 |      35 |   0.0 |  1574
        Lair:3 |       0 |    8262 |   0.0 |       0 |      35 |   0.0 |  1828
        Lair:4 |       0 |    6580 |   0.0 |       0 |      30 |   0.0 |  1126
        Lair:5 |       0 |    9336 |   0.0 |       0 |      23 |   0.0 |   821
        Lair:6 |       0 |   13035 |   0.0 |       0 |      37 |   0.0 |  1885
       Swamp:1 |       0 |   11606 |   0.0 |       0 |      36 |   0.0 |   907
       Swamp:2 |       0 |   11328 |   0.0 |       0 |      30 |   0.0 |  1065
         Orc:1 |       0 |    3437 |   0.0 |       0 |      20 |   0.0 |   753
         Orc:2 |       0 |   10350 |   0.0 |       0 |      47 |   0.0 |  1296
         Sewer |       0 |     156 |   0.0 |       0 |       7 |   0.0 |   275
       Volcano |       0 |    2643 |   0.0 |       0 |       8 |   0.0 |   528
               +---------+---------+-------+---------+---------+-------+---------
